 Dungeon Crawl Stone Soup version 0.30-a0-269-gf0224bf7b6 (webtiles) character file.

Game seed: 7907428539911281040

159 purpskrrrp the Ruffian (level 5, -9/44 HPs)
             Began as a Minotaur Transmuter on Oct 14, 2022.
             Was a Plaything of Xom.
             Mangled by an orc warrior
             ... wielding a +0 long sword
              (15 damage)
             ... on level 3 of the Dungeon.
             The game lasted 00:07:40 (2591 turns).

purpskrrrp the Ruffian (Minotaur Transmuter)        Turns: 2591, Time: 00:07:41

Health: -9/44      AC:  7    Str: 19    XL:     5   Next: 17%
Magic:  4/6        EV: 10    Int: 18    God:    Xom [*.....]
Gold:   1102       SH:  8    Dex:  7    Spells: 6/7 levels left

rFire   + . .      SeeInvis .      - Unarmed
rCold   + . .      Faith    .    r - +2 kite shield
rNeg    . . .      Spirit   .    q - +2 leather armour {rC+}
rPois   .          Reflect  .    (helmet currently unavailable)
rElec   .          Harm     .    n - +0 cloak
rCorr   .          Rampage  .    s - +0 pair of gloves
Will    .....                    (boots currently unavailable)
Stlth   ++........               (no amulet)
HPRegen 0.27/turn                h - ring of Mobrojov {rF+ Str+3 Int+2 Dex-4 Stlth+}
MPRegen 0.10/turn                j - +6 ring of intelligence

@: appendages (expiring), very slightly contaminated
A: talons 2, horns 2, retaliatory headbutt
a: End Transformation, Renounce Religion


You were on level 3 of the Dungeon.
You worshipped Xom.
You were a special plaything of Xom.
You had temporarily grown beastly talons.
You visited 1 branch of the dungeon, and saw 4 of its levels.

You collected 1102 gold pieces.

Inventory:

Hand Weapons
 f - a +5 dagger of venom
Missiles
 y - a throwing net
Armour
 a - a +0 robe
 n - a +0 cloak (worn)
 q - a +2 leather armour of cold resistance (worn)
 r - a +2 kite shield (worn)
 s - a +0 pair of gloves (worn)
Jewellery
 h - the ring of Mobrojov (left hand) {rF+ Str+3 Int+2 Dex-4 Stlth+}
   (You found it on level 2 of the Dungeon)

   [ring of protection from fire]

   Str:       It affects your strength (+3).
   Int:       It affects your intelligence (+2).
   Dex:       It affects your dexterity (-4).
   rF:        It protects you from fire.
   Stlth:     It makes you more stealthy.
 j - a +6 ring of intelligence (right hand)
Scrolls
 m - a scroll of torment
 p - 2 scrolls of magic mapping
Potions
 b - a potion of lignification
 e - a potion of degeneration {unknown}
 i - a potion of curing {unknown}
 k - 2 potions of attraction
 l - a potion of berserk rage {unknown}
 u - 2 potions of ambrosia {unknown}
 v - a potion of mutation {unknown}
 w - 2 potions of brilliance
 z - a potion of flight {unknown}
 B - a potion of haste {unknown}


   Skills:
 + Level 2.8 Fighting
 + Level 3.2 Dodging
 + Level 1.2 Shields
 * Level 4.3 Unarmed Combat
 - Level 1.8 Spellcasting
 - Level 2.1 Transmutations


You had 6 spell levels left.
You knew the following spells:

 Your Spells              Type           Power      Damage    Failure   Level
a - Beastly Appendage     Tmut           18%        N/A       30%         1

Your spell library contained the following spells:

 Spells                   Type           Power      Damage    Failure   Level
 Wereblood                Tmut           9%         N/A       43%         2
 Passwall                 Tmut/Erth      4%         N/A       58%         2
 Ensorcelled Hibernation  Hex/Ice        2%         N/A       75%         2
 Spider Form              Tmut/Pois      5%         N/A       82%         3
 Swiftness                Air            1%         N/A       92%         3
 Ice Form                 Ice/Tmut       5%         N/A       99%         4


Dungeon Overview and Level Annotations

Branches:
Dungeon (4/15)
 Temple: D:4-7

Altars:
Xom


Innate Abilities, Weirdness & Mutations

You have temporarily grown beastly talons.
You have a pair of horns on your head.
You reflexively headbutt those who attack you in melee.


Message History

The goblin is no longer unusually agile.
The orc wizard stops glowing and disappears.
You block the orc warrior's attack. You block the orc's attack.
You hit the orc. Your kick misses the orc. Your headbutt misses the orc.
The orc is severely wounded.
The goblin stops glowing.
The orc warrior hits you with a +0 long sword.
The orc closely misses you.
You hit the orc but do no damage. Your kick misses the orc.
The orc is severely wounded.
You block the orc warrior's attack. The orc closely misses you.
You hit the orc.
You kill the orc!
The orc warrior closely misses you. You furiously retaliate!
You headbutt the orc warrior! You punch the goblin!
You kill the goblin!
The orc warrior hits you with a +0 long sword!
* * * LOW HITPOINT WARNING * * *
You closely miss something. The orc warrior closely misses you.
Something hits you but does no damage. The orc warrior closely misses you.
You hear some strange, mumbled words.
Something tries to affect you, but you resist.
You hit something but do no damage. You headbutt something.
You block the orc warrior's attack. Something hits you but does no damage.
You closely miss something. You block the orc warrior's attack.
You block something's attack.
You closely miss something. Your kick misses something.
Your headbutt misses something.
Your transformation is almost over.
The orc warrior barely misses you. Something hits you.
* * * LOW HITPOINT WARNING * * *
You miss something. Your kick misses something. Your headbutt misses something.
You block the orc warrior's attack. Something hits you.
* * * LOW HITPOINT WARNING * * *
You barely miss something. Your kick misses something.
Your headbutt misses something.
The orc warrior hits you with a +0 long sword!
You die...
Xom thinks this is hilarious!

..########..# #.#.#
..####......# #.#.#
....##.####.# #.#.###
.##.~~.#.#..####.#...######
~≈~~~≈#......##...........#
##≈~~≈~≈~###..#.>###.####.#
≈~~..~≈≈#~#......# #.# #.#
≈~...≈≈≈≈≈.#..##o# #.# #.#
≈≈~..~≈≈≈≈~....{@# #.# #.#
≈~~.~~#≈≈≈~~#.#### #.# #.#
#≈..<~)~≈≈~~.....# #.# #.#
≈~.<(~≈~~≈~...##.# #.# #.#
~~..†#≈≈~≈≈~####.# #.# #.#
≈≈~.~≈≈≈~~~~# #.###.####.#
≈~≈.~~≈≈≈≈~## #.....##...#
≈~.⌠~.≈≈≈~.## ####..##.###
≈≈...~≈≈≈≈#.# #...#.#


You could see an orc warrior.

Vanquished Creatures
  A hound (D:3)
  An adder (D:3)
  2 worms (D:2)
  12 dart slugs
  2 orcs (D:3)
  5 ball pythons
  7 endoplasms
  4 giant cockroaches (D:1)
  5 goblins
  7 hobgoblins
  8 jackals
  8 kobolds
  3 quokkas
  5 bats
  3 frilled lizards
  4 rats (D:1)
77 creatures vanquished.

Notes
Turn   | Place    | Note
-------+----------+-------------------------------------------
     0 | D:1      | purpskrrrp the Minotaur Transmuter began the quest for the
                  | Orb.
     0 | D:1      | Reached XP level 1. HP: 16/16 MP: 1/1
   144 | D:1      | Reached XP level 2. HP: 23/23 MP: 1/3
   403 | D:1      | Reached XP level 3. HP: 25/29 MP: 4/4
   791 | D:2      | Identified the ring of Mobrojov {rF+ Str+3 Int+2 Dex-4
                  | Stlth+}
  1189 | D:2      | Reached XP level 4. HP: 33/36 MP: 5/5
  1189 | D:2      | Identified the +0 helmet of Gehenna {*Slow rElec Int+3
                  | Dex+2}
  1640 | D:3      | Found a faded altar of an unknown god.
  1643 | D:3      | Prayed at the altar of an unknown god.
  1643 | D:3      | Became a worshipper of Xom the Less-Predictable
  1775 | D:3      | Reached skill level 4 in Unarmed Combat
  2231 | D:3      | Reached skill level 1 in Shields
  2476 | D:4      | Noticed an orc warrior
  2490 | D:3      | Identified a scroll of acquirement
  2490 | D:3      | Acquired 987 gold pieces
  2564 | D:3      | XOM: enchant monster (bad)
  2571 | D:3      | Reached XP level 5. HP: 39/44 MP: 6/6
  2571 | D:3      | XOM: fake destruction
  2574 | D:3      | XOM: blink monster(s)
  2591 | D:3      | Mangled by an orc warrior

Illustrated notes

Levels and vault maps discovered:
D:1:      psy_arrival_basics, layout_basic
D:2:      layout_basic, serial_park_tiny_pond, item_on_display_a
D:3:      kennysheep_slugbush, layout_loops_ring, nicolae_ecumenical_oubliette
D:4:      layout_rooms, lemuel_round_altar, pdpol_wu_jian_five_deadly_venoms,
          gammafunk_ghost_split

Skill      XL: |  1  2  3  4 |
---------------+-------------+-----
Fighting       | 2 |  2.8
Transmutations | 2 |  2.1
Dodging        | 3 |  3.2
Unarmed Combat | 4 |  4.3
Shields        | 1 |  1.2
Spellcasting   | |  1.8

Action                   |  1- 3 |  4- 6 || total
-------------------------+-------+-------++-------
Melee: Unarmed           |    88 |    99 ||   187
       Headbutt          |    14 |    13 ||    27
       Punch             |     2 |       ||     2
       Kick              |     5 |     5 ||    10
 Cast: Beastly Appendage |     5 |     9 ||    14
  Use: Scroll            |       |    12 ||    12
       Potion            |       |     2 ||     2
 Stab: Sleeping          |     2 |       ||     2
Armor: Robe              |    10 |     2 ||    12
       Leather armour    |       |    45 ||    45
Dodge: Dodged            |    63 |    43 ||   106
Block: Kite shield       |       |    38 ||    38

Table legend: (Time is in decaauts)
 A = Elapsed time spent in this place.
 B = Non-inter-level travel time spent in this place.
 C = Inter-level travel time spent in this place.
 D = Time resting spent in this place.
 E = Time spent auto-exploring this place.
 F = Levels seen in this place.
 G = Mean time per level.
                   A        B        C        D        E       F      G
               +--------+--------+--------+--------+--------+-----+--------+
         Total |   2621 |   2385 |    236 |     58 |   1760 |   4 |  655.2 |
       Dungeon |   2621 |   2385 |    236 |     58 |   1760 |   4 |  655.2 |
               +--------+--------+--------+--------+--------+-----+--------+

Top non-repeatable levels by time:
     D:3: 941 daAuts
     D:2: 857 daAuts
     D:1: 819 daAuts
     D:4: 4 daAuts
